Workbook

Sheet test
E3: Référence | F3: bic "ABCD"
E4: PA Net | F4: =IFERROR(VLOOKUP(F3,BD!A:J,2,FALSE),"- - -") -> 1.75
B5: TVA | C5: 0.2 | E5: PCB | F5: =IFERROR(VLOOKUP(F3,BD!A:J,3,FALSE),"- - -") -> 10
E6: Nb d'aricles | F6: =IFERROR(VLOOKUP(F3,BD!A:J,4,FALSE),"- - -") -> 250
E7: Nb Carton | F7: =IFERROR(VLOOKUP(F3,BD!A:J,5,FALSE),"- - -") -> 5
B8: Frais généraux | E8: Frais de port Usine/France | F8: =IFERROR(VLOOKUP(F3,BD!A:J,6,FALSE)/F6,"- - -") -> 0.28
B9: Abo du Market | C9: 39 | E9: Abo du Market | F9: =C9/SUM(BD!D:D) -> 0.0312
B10: Frais Stock Market | C10: 18 | E10: Frais Stock Market | F10: =C10/SUM(BD!D:D) -> 0.0144
B11: Frais variables | C11: 80 | E11: Frais Variable | F11: =C11/SUM(BD!D:D) -> 0.064
E12: Total Prix de Revient | F12: =(F4*F6+F8+F9+F10+F11)/F6 -> 1.7515584
E14: Marge souhaitée | F14: =IFERROR(VLOOKUP(F3,BD!A:J,10,FALSE),"- - -") -> 0.25
E15: Prix de vente hors taxe | F15: =F12*(1+F14) -> 2.189448
E17: TVA | F17: =F15*C5 -> 0.4378896
E19: Prix TTC | F19: =F15+F17 -> 2.6273376
E21: Frais Expédition Market (unitaires) | F21: =IFERROR(VLOOKUP(F3,BD!A:J,7,FALSE),"- - -") -> 0
E22: Commision Market (unitaire) | F22: =IF(VLOOKUP(F3,BD!A:J,8,FALSE)<>"",VLOOKUP(F3,BD!A:J,8,FALSE),VLOOKUP(F3,BD!A:J,9,FALSE)*F15) -> 2
E24: PV TTC + expédition + com | F24: =F19+F21+F22 -> 4.6273376

Sheet BD
A1: Référence | B1: PA Net | C1: PCB | D1: Nb d'aricles | E1: Nb Carton | F1: Frais de port Usine/France | G1: Frais Expédition Market | H1: Commission Fixe Market | I1: Commision Variable Market | J1: Marge souhaitée
A2: bic "ABCD" | B2: 1.75 | C2: 10 | D2: 250 | E2: 5 | F2: 70 | G2: 0 | H2: 2 | J2: 0.25
A3: latte "EFGH" | B3: 0.75 | C3: 100 | D3: 1000 | E3: 10 | F3: 89 | G3: 0 | I3: 0.1 | J3: 0.5

Sheet Calcul PV
A1: Ref | B1: Prix de Revient | G1: TVA
G2: 0.2
A3: PA Net | B3: 0.94
A4: PCB | B4: 12
A5: Nb d'aricles | B5: 100
A6: Nb Carton | B6: 1
A7: Frais de port Usine/France | B7: 70
A8: Abo du Market | B8: 39
A9: Frais Stock Market | B9: 18
A10: Frais Variable | B10: 0
A11: Total Prix de Revient | B11: =(B3*B5+B7+B8+B9+B10)/B5 -> 2.21
A15: Coeficient Multilicateur | B15: 1.5
A16: Prix de vente hors taxe | B16: =B11*B15 -> 3.315
A18: TVA | B18: =B16*G2 -> 0.663
A20: Prx TTC | B20: =B16+B18 -> 3.978
A23: Frais Expédition Market | B23: 0
A24: Commision Market | B24: 2
A26: PV TTC + expédition + com | B26: =B20+B23+B24 -> 5.978
A28: Taux de marge % | B28: =(B16/B11)-1 -> 0.5

Sheet Coef&%
A1: % | B1: Coef
A2: 0.05 | B2: 1.05
A3: 0.1 | B3: 1.1
A4: 0.15 | B4: 1.15
A5: 0.2 | B5: 1.2
A6: 0.25 | B6: 1.25
A7: 0.3 | B7: 1.3
A8: 0.35 | B8: 1.35
A9: 0.4 | B9: 1.4
A10: 0.45 | B10: 1.45
A11: 0.5 | B11: 1.5
A12: 0.55 | B12: 1.55
A13: 0.6 | B13: 1.6
... A21: 1 | B21: 2
